AoeStats
← aleixmn8.s

Arabia

510138812Analyzed
2v2 RM · 2d ago on Sep 29, 2026· 52m 16s· 4 players
Game mode
Random Map
Map size
Medium (4 player)
Population
200
Speed
Normal
Resources
Standard
Victory
Conquest
Starting age
Dark Age
Ending age
Imperial Age
RankedLock teamsTeams togetherTeam positionsShared explorationLock speedFull tech treeHidden civsTurbo modeCheats
Victory
Defeat
🇪🇸 Maya · Spain
662
+8
🇪🇸 Bohemians · Spain
644
+9
🇹🇷 Cumans · Türkiye
586
-11
🇩🇿 Berbers · Algeria
376
-6
SlimDZ16
12:36 Feudal Age
13:33 Man-at-Arms
33:35 Double-Bit Axe
38:51 Arson
serkanserpinli
12:27 Feudal Age
14:04 Wheelbarrow
14:49 Horse Collar
15:14 Gold Mining
15:12 Double-Bit Axe
16:22 Stone Mining
16:58 Loom
19:59 Castle Age
18:42 Fletching
18:55 Padded Archer Armor
30:17 Hand Cart
35:04 Pikeman
35:44 Squires
35:29 Arson
39:25 Imperial Age
37:31 Masonry
38:55 Steppe Husbandry
40:36 Conscription
42:11 Halberdier
44:25 Cuman Mercenaries
aleixmn8.s
0:26 Loom
12:13 Feudal Age
12:40 Double-Bit Axe
13:37 Wheelbarrow
15:30 Fletching
15:54 Horse Collar
21:26 Padded Archer Armor
23:29 Castle Age
24:17 Thumb Ring
23:44 Crossbowman
25:52 Bow Saw
25:46 Bodkin Arrow
29:12 Gold Mining
29:14 Stone Mining
29:29 Heavy Plow
32:27 Hand Cart
32:52 Ballistics
32:51 Leather Archer Armor
33:51 Pikeman
36:16 Squires
40:08 Imperial Age
37:26 Town Watch
38:42 Fortified Wall
39:59 Hul'che Javelineers
39:23 Elite Skirmisher
39:28 Eagle Warrior
40:21 Forging
40:12 Scale Mail Armor
41:55 Two-Man Saw
41:08 Masonry
42:02 Chemistry
41:05 Bracer
41:10 Scale Mail Armor
40:46 Elite Plumed Archer
44:52 Treadmill Crane
46:00 Holcans
50:54 Spies/Treason
51:57 Conscription
j0w1_69
5:52 Loom
12:20 Feudal Age
14:56 Double-Bit Axe
14:52 Horse Collar
17:13 Wheelbarrow
16:54 Fletching
17:04 Padded Archer Armor
25:21 Castle Age
26:06 Pikeman
26:49 Squires
26:35 Arson
27:58 Hand Cart
27:48 Heavy Plow
28:04 Bow Saw
28:34 Husbandry
30:48 Caravan
34:06 Crossbowman
35:34 Scale Barding Armor
35:26 Bodkin Arrow
38:52 Leather Archer Armor
38:58 Chain Barding Armor
38:50 Forging
41:43 Ballistics
42:23 Chemistry
42:06 Coinage
45:05 Imperial Age
46:47 Elite Hussite Wagon
47:48 Conscription
48:37 Houfnice
48:49 Houfnice
49:43 Cavalier
50:26 Bracer
50:56 Ring Archer Armor
51:02 Iron Casting
Connection lost

Rejoining the realm…

Still unreachable

The connection could not be restored.

Session expired

The server has moved on; the page needs a fresh start.